[Event "Titled Tuesday Blitz November 07 Late 2023"]
[White "elmusmolamas"]
[Black "Kujawski, Adam"]
[BlackFideId "1100920"]
[WhiteElo "2491"]
[BlackElo "2372"]
[Result "0-1"]
[Round "7"]
[TimeControl "180+1"]
[Date "2023.11.07"]
[WhiteClock "0:00:00"]
[BlackClock "0:00:07"]
[Board "88"]

1. e4 e5 2. Nf3 Nc6 3. Bc4 Nf6 4. d3 d5 5. exd5 Nxd5 6. O-O Nb6 7. Bb3 Bg4 8. Re1 Qe7 9. Nbd2 O-O-O 10. Nf1 Nd4 11. Ng3 Nxf3+ 12. gxf3 Bh3 13. Qe2 Nd7 14. a4 h5 15. a5 a6 16. Bd5 h4 17. Nf1 c6 18. Bc4 Qf6 19. Kh1 Qg6 20. Ne3 Bc5 21. Rg1 Qf6 22. b4 Bd4 23. Rb1 Rh5 24. Ng4 Qe7 25. Be3 Qd6 26. Bxf7 Rf5 27. Bxd4 Rxf7 28. Bxe5 Nxe5 29. Nxe5 Re7 30. Rg5 Rde8 31. f4 Qf6 32. Qf3 Rxe5 33. Qxh3+ R5e6 34. Re5 Kb8 35. Rxe6 Rxe6 36. Qg4 Re7 37. Rg1 Ka7 0-1


[Site "https://www.chess.com"]

[Event "Titled Tuesday Blitz November 07 Late 2023"]
[White "Maect19"]
[Black "Willy, Stephen"]
[BlackFideId "30981468"]
[WhiteElo "2345"]
[BlackElo "2475"]
[Result "0-1"]
[Round "7"]
[TimeControl "180+1"]
[Date "2023.11.07"]
[WhiteClock "0:00:04"]
[BlackClock "0:00:31"]
[Board "89"]

1. d4 Nc6 2. Nf3 Nf6 3. e3 d5 4. Bd3 Bg4 5. Nbd2 e5 6. dxe5 Nxe5 7. Be2 Ng6 8. O-O Bd6 9. b3 Qe7 10. Bb2 O-O-O 11. Nd4 h5 12. Nb5 Bc5 13. Bd4 a6 14. Bxc5 Qxc5 15. Nd4 Rde8 16. c4 dxc4 17. Nxc4 Re7 18. Rc1 Qg5 19. Bf3 Ne4 20. Qc2 f5 21. Nb6+ Kb8 22. Nd5 Rd7 23. Nxc7 Nh4 24. Bxe4 fxe4 25. Qxe4 Bf3 26. Nxa6+ Ka8 27. Qxf3 Nxf3+ 28. Nxf3 Qa5 29. Nc5 Rc7 30. a3 Rhc8 31. b4 Qb6 32. Na4 Qb5 33. Rxc7 Rxc7 34. Nc5 b6 35. Ne4 Rc2 36. Nd4 Qd3 37. Nxc2 Qxe4 38. Nd4 Qd3 39. h3 Qxa3 40. b5 Qd3 41. Rc1 Kb7 42. Rc6 Qd2 43. Rg6 Qe1+ 44. Kh2 Qxf2 45. Rxg7+ Kc8 46. Nc6 Qxe3 47. Rg8+ Kc7 48. Rg7+ Kd6 49. Nd8 Qe5+ 50. Rg3 Qf4 51. h4 Qxh4+ 52. Rh3 Qf4+ 53. Kg1 Kd7 54. Nc6 Qf5 55. Nd4 Qc5 56. Rh4 Ke7 57. g3 Kf6 58. Kg2 Qd5+ 59. Kh3 Qh1# 0-1


[Site "https://www.chess.com"]

[Event "Titled Tuesday Blitz November 07 Late 2023"]
[White "TheAlienParty"]
[Black "Baches Garcia, Guillermo"]
[BlackFideId "2209764"]
[WhiteElo "2342"]
[BlackElo "2463"]
[Result "1-0"]
[Round "7"]
[TimeControl "180+1"]
[Date "2023.11.07"]
[WhiteClock "0:00:17"]
[BlackClock "0:00:00"]
[Board "90"]

1. Nf3 d5 2. g3 g6 3. d4 Nf6 4. Bg2 Bg7 5. O-O O-O 6. b3 a5 7. Bb2 a4 8. c4 axb3 9. axb3 Rxa1 10. Bxa1 c6 11. Nc3 Bf5 12. c5 Ne4 13. Na4 Nd7 14. Nh4 Be6 15. Kh1 Qa8 16. f3 Nef6 17. Qd2 Qa6 18. Bc3 Qb5 19. Rb1 b6 20. cxb6 Nxb6 21. Nc5 Bc8 22. Bf1 Nbd7 23. e4 Qb6 24. Na4 Qa7 25. e5 Ne8 26. Ra1 Qb8 27. Bb4 g5 28. Nf5 Nxe5 29. Nxe7+ Kh8 30. dxe5 Bxe5 31. Nxc8 Bxa1 32. Bxf8 Qxb3 33. Nab6 Qxf3+ 34. Bg2 Qf5 35. Qd1 Bd4 36. Qxd4+ Nf6 37. h3 h5 38. Kh2 Kh7 39. Bd6 Ne4 40. Be5 h4 41. g4 Qe6 42. Bxe4+ dxe4 43. Qxe4+ Kg8 44. Nd6 Qa2+ 45. Qg2 Qa5 46. Nbc4 Qd5 47. Qxd5 cxd5 48. Nb6 f6 49. Bxf6 1-0


[Site "https://www.chess.com"]

[Event "Titled Tuesday Blitz November 07 Late 2023"]
[White "Jovic, Stanoje"]
[Black "KorolDimitriy75"]
[WhiteFideId "905020"]
[WhiteElo "2446"]
[BlackElo "2339"]
[Result "1-0"]
[Round "7"]
[TimeControl "180+1"]
[Date "2023.11.07"]
[WhiteClock "0:01:52"]
[BlackClock "0:00:00"]
[Board "91"]

1. c4 c5 2. g3 g6 3. Bg2 Bg7 4. Nc3 Nc6 5. Nf3 Nh6 6. h4 Ng4 7. h5 d6 8. d3 h6 9. hxg6 fxg6 10. Nd5 g5 11. Rb1 Rb8 12. a3 O-O 13. b4 e6 14. Ne3 Nxe3 15. Bxe3 b6 16. Nxg5 hxg5 17. Bxc6 Bb7 18. b5 Bxc6 19. bxc6 Rc8 20. Qd2 g4 21. Rh4 Rxc6 22. Rxg4 Rc7 23. Kd1 Qf6 24. Rf4 Qe5 25. Rxf8+ Kxf8 26. Bf4 Qd4 27. e3 1-0


[Site "https://www.chess.com"]

[Event "Titled Tuesday Blitz November 07 Late 2023"]
[White "Ramadoss, Ashokkumar"]
[Black "Halak, Miklos"]
[WhiteFideId "5040990"]
[BlackFideId "726400"]
[WhiteElo "2333"]
[BlackElo "2443"]
[Result "1-0"]
[Round "7"]
[TimeControl "180+1"]
[Date "2023.11.07"]
[WhiteClock "0:00:16"]
[BlackClock "0:00:03"]
[Board "92"]

1. Nf3 d5 2. c4 e6 3. Qc2 d4 4. d3 Nc6 5. g3 Nf6 6. Bg2 Bc5 7. O-O a5 8. b3 O-O 9. a3 e5 10. Nbd2 Re8 11. Ng5 Bg4 12. Re1 h6 13. Nge4 Nxe4 14. Bxe4 Qd6 15. Bd5 Qg6 16. Rb1 Qh5 17. Ne4 Bf8 18. c5 Rad8 19. Bc4 Kh8 20. f3 Bc8 21. b4 axb4 22. axb4 f5 23. Nf2 Ne7 24. Qb3 Ng6 25. Ra1 f4 26. g4 Qg5 27. Ra8 Bxg4 28. fxg4 Rxa8 29. Bd5 c6 30. Bf3 Nh4 31. Ne4 Qg6 32. Kh1 Ra1 33. Bd2 Rxe1+ 34. Bxe1 Nxf3 35. exf3 Qe6 36. Qa4 h5 37. h3 hxg4 38. hxg4 Kg8 39. Kg2 Kf7 40. Ng5+ Kg6 41. Nxe6 Rxe6 42. Qb3 Kf6 43. Bd2 g5 44. Qc4 Re7 45. b5 cxb5 46. Qxb5 Rc7 47. Bb4 Ke6 48. Qb6+ Kd7 49. Qf6 Be7 50. Qxe5 Rc6 51. Qd5+ Kc7 52. Qxd4 1-0


[Site "https://www.chess.com"]

[Event "Titled Tuesday Blitz November 07 Late 2023"]
[White "Bazzano, Sebastian"]
[Black "Marchesich, Giovanni"]
[WhiteFideId "104566"]
[BlackFideId "2824790"]
[WhiteElo "2256"]
[BlackElo "2425"]
[Result "1-0"]
[Round "7"]
[TimeControl "180+1"]
[Date "2023.11.07"]
[WhiteClock "0:00:34"]
[BlackClock "0:01:53"]
[Board "93"]

1. d4 Nf6 2. Bf4 d6 3. Nc3 Bf5 4. f3 Bg6 5. e4 Nbd7 6. Qd2 e5 7. Be3 exd4 8. Bxd4 Be7 9. Bc4 O-O 10. Nge2 Ne5 11. Bb3 Nc6 12. Be3 Nd7 13. Nd4 Nc5 14. O-O Nxb3 15. axb3 Bf6 16. Nd5 Bxd4 17. Bxd4 Nxd4 18. Qxd4 f5 19. exf5 Rxf5 20. c4 Re5 21. Rfe1 Qg5 22. f4 Rxe1+ 23. Rxe1 Qh4 24. g3 Qg4 25. Nxc7 Rd8 26. Re7 Bf5 27. Nd5 Kh8 28. Ne3 1-0


[Site "https://www.chess.com"]

[Event "Titled Tuesday Blitz November 07 Late 2023"]
[White "Quirke, Jeffrey"]
[Black "Mekhitarian, Krikor Sevag"]
[WhiteFideId "2013029"]
[BlackFideId "2107660"]
[WhiteElo "2260"]
[BlackElo "2731"]
[Result "0-1"]
[Round "7"]
[TimeControl "180+1"]
[Date "2023.11.07"]
[WhiteClock "0:00:05"]
[BlackClock "0:00:34"]
[Board "94"]

1. e4 e6 2. Nf3 d5 3. e5 c5 4. b4 b6 5. bxc5 bxc5 6. c3 c4 7. d4 cxd3 8. Bxd3 Nc6 9. O-O Nge7 10. Nbd2 Ng6 11. Re1 Be7 12. Nb3 Qc7 13. Qe2 O-O 14. Nbd4 Rd8 15. Rb1 Na5 16. Nb5 Qd7 17. Bg5 Ba6 18. Bxe7 Qxe7 19. a4 Nf4 20. Qe3 Nxd3 21. Qxd3 Nc4 22. Nfd4 Rac8 23. f4 g6 24. Rbd1 Qc5 25. Qg3 Bxb5 26. axb5 Nb2 27. Rc1 Na4 28. Kh1 Nxc3 29. Nc6 Rxc6 30. bxc6 d4 31. Qd3 Qxc6 32. Rc2 Rd5 33. Rec1 Kg7 34. Ra1 a5 35. h3 h5 36. Kh2 a4 37. Rb2 Rc5 38. Rb4 Nd5 39. Qe4 Nxb4 0-1


[Site "https://www.chess.com"]

[Event "Titled Tuesday Blitz November 07 Late 2023"]
[White "Martinez, Shawn"]
[Black "bettercallcafu"]
[WhiteFideId "2039770"]
[WhiteElo "2334"]
[BlackElo "2712"]
[Result "0-1"]
[Round "7"]
[TimeControl "180+1"]
[Date "2023.11.07"]
[WhiteClock "0:00:20"]
[BlackClock "0:02:16"]
[Board "95"]

1. e4 Nf6 2. Nc3 d5 3. d3 e5 4. g3 dxe4 5. Nxe4 Nxe4 6. dxe4 Qxd1+ 7. Kxd1 Bc5 8. Be3 Bxe3 9. fxe3 Nc6 10. Bb5 Bd7 11. Ke2 Nd4+ 12. exd4 Bxb5+ 13. Ke3 exd4+ 14. Kxd4 O-O-O+ 15. Ke3 Rhe8 16. Nf3 Bc6 17. Nd2 f5 18. Rad1 Bxe4 19. Nxe4 Rxe4+ 20. Kf3 Rde8 21. Rd2 g5 22. Rhd1 b6 23. b3 Kb7 24. c4 Kc6 25. Rd3 g4+ 26. Kf2 Re2+ 27. Kg1 Rxa2 28. Rd5 Ree2 29. Rxf5 Rg2+ 30. Kf1 Rxh2 31. Kg1 Rag2+ 32. Kf1 Rxg3 33. Rdd5 Rf3+ 34. Kg1 Rhh3 35. b4 Rhg3+ 36. Kh2 Rh3+ 37. Kg2 Rxf5 38. b5+ Kb7 39. Rxf5 Rc3 40. Rh5 Rxc4 41. Kg3 Rc5 42. Rxh7 Rxb5 43. Kxg4 Re5 44. Kf4 Re1 0-1


[Site "https://www.chess.com"]

[Event "Titled Tuesday Blitz November 07 Late 2023"]
[White "Shapiro, Daniel"]
[Black "Hajiyev, Kanan"]
[WhiteFideId "2001780"]
[BlackFideId "13404148"]
[WhiteElo "2334"]
[BlackElo "2473"]
[Result "0-1"]
[Round "7"]
[TimeControl "180+1"]
[Date "2023.11.07"]
[WhiteClock "0:00:00"]
[BlackClock "0:00:52"]
[Board "96"]

1. d4 c6 2. c4 d5 3. Nf3 a6 4. b3 Nf6 5. e3 Bg4 6. h3 Bf5 7. Bd3 Bxd3 8. Qxd3 e6 9. O-O Bd6 10. Bb2 O-O 11. Ne5 Nbd7 12. f4 Ne4 13. Nd2 f5 14. Nxe4 fxe4 15. Qe2 Qe7 16. c5 Bxe5 17. fxe5 Rxf1+ 18. Rxf1 Rf8 19. Rxf8+ Nxf8 20. Qg4 Qf7 21. Qe2 Qf5 22. b4 Ng6 23. a4 Nh4 24. Bc3 Qg5 25. Be1 Nf5 26. Bf2 Qd8 27. g4 Nh6 28. Bg3 b5 29. a5 Nf7 30. h4 h6 31. Kg2 Kh7 32. Kh3 Qe7 33. Qf2 Nh8 34. Qf4 Ng6 35. Qf2 Qf8 36. Qxf8 Nxf8 37. Kg2 Kg6 38. Kh3 h5 39. Bf4 Nh7 40. Kg3 Nf8 41. Kh3 Nd7 42. Kg3 Nb8 43. Kh3 hxg4+ 44. Kxg4 Nd7 45. h5+ Kf7 46. Kg5 Nf8 47. Kg4 Nh7 48. Kh4 Kf8 49. Kg4 Kg8 50. Kh4 Nf8 51. Kg4 Kh7 52. Kh4 g6 53. Kg4 gxh5+ 54. Kxh5 Ng6 55. Bg3 Ne7 56. Kg5 Kg7 57. Bf4 Nf5 58. Kh5 Kf7 59. Kg5 Ne7 60. Kh5 Ng6 61. Bg3 Nf8 62. Kg5 Nh7+ 63. Kh6 Nf8 64. Kg5 Ng6 65. Kh5 Kg7 66. Kg5 Nh8 67. Kh5 Nf7 68. Bf4 Nd8 69. Kg5 Kf7 70. Kh5 Kg7 71. Kg5 Nf7+ 72. Kh5 Nh8 73. Bh6+ Kh7 74. Bf4 Ng6 75. Bg3 Kg7 76. Kg5 Ne7 77. Kh5 Nf5 78. Bf4 Kf7 79. Kg5 Ke7 80. Kg6 Nh4+ 81. Kg7 Ng2 82. Bg5+ Kd7 83. Kf7 Ne1 84. Kf6 Nc2 0-1


[Site "https://www.chess.com"]

[Event "Titled Tuesday Blitz November 07 Late 2023"]
[White "ExchangeAB"]
[Black "Ardila, Oscar Humberto"]
[BlackFideId "4404742"]
[WhiteElo "2435"]
[BlackElo "2320"]
[Result "1-0"]
[Round "7"]
[TimeControl "180+1"]
[Date "2023.11.07"]
[WhiteClock "0:01:12"]
[BlackClock "0:00:00"]
[Board "97"]

1. Nf3 Nf6 2. e3 g6 3. b3 Bg7 4. Bb2 O-O 5. Be2 d6 6. d4 Nbd7 7. O-O c6 8. c4 Qc7 9. Nc3 e5 10. Qc2 Re8 11. Rfd1 Nf8 12. dxe5 dxe5 13. Ba3 Bf5 14. e4 Bg4 15. Bd6 Qa5 16. b4 Qb6 17. Na4 Qa6 18. c5 b5 19. cxb6 Qb7 20. bxa7 Qxa7 21. Nc5 Ne6 22. Nxe6 Rxe6 23. Bc5 Qb7 24. Ng5 Ree8 25. f3 Be6 26. Nxe6 Rxe6 27. Bc4 Ree8 28. a4 Bf8 29. Bf1 Reb8 30. a5 Bxc5+ 31. Qxc5 Qxb4 32. Qxc6 Nh5 33. a6 Qb3 34. Qc5 Rb5 35. Bxb5 Nf4 36. Bf1 Ne6 37. Qf2 Ra7 38. Qxa7 Kg7 39. Qf2 h5 40. a7 h4 41. a8=Q h3 42. g3 Qc3 43. Qa3 Qc7 44. Qb3 Qe7 45. Qxe6 Qxe6 46. Bxh3 Qxh3 47. Rdb1 g5 48. g4 Qh6 49. Rb7 Qd6 50. Raa7 Qd1+ 51. Kg2 Qc1 52. Rxf7+ 1-0


[Site "https://www.chess.com"]

[Event "Titled Tuesday Blitz November 07 Late 2023"]
[White "Romero Ruscalleda, Josep"]
[Black "ATM622"]
[WhiteFideId "2231859"]
[WhiteElo "2313"]
[BlackElo "2419"]
[Result "1-0"]
[Round "7"]
[TimeControl "180+1"]
[Date "2023.11.07"]
[WhiteClock "0:00:47"]
[BlackClock "0:00:02"]
[Board "98"]

1. e4 c6 2. Nc3 d5 3. Nf3 dxe4 4. Nxe4 Nf6 5. Qe2 Nxe4 6. Qxe4 g6 7. Bc4 Bg7 8. O-O O-O 9. d4 Nd7 10. c3 Nf6 11. Qh4 Bf5 12. Re1 a5 13. a4 Rc8 14. h3 c5 15. dxc5 Rxc5 16. Be3 Rc8 17. Rad1 Qc7 18. Ba2 Be4 19. Bf4 Qb6 20. Ng5 Bc2 21. Rd2 Bf5 22. Rxe7 Qc5 23. Rxf7 Rxf7 24. Nxf7 Kf8 25. Bd6+ Qxd6 26. Nxd6 1-0


[Site "https://www.chess.com"]

[Event "Titled Tuesday Blitz November 07 Late 2023"]
[White "hristos03"]
[Black "Davidson, Kevin"]
[BlackFideId "2056810"]
[WhiteElo "2418"]
[BlackElo "2310"]
[Result "1-0"]
[Round "7"]
[TimeControl "180+1"]
[Date "2023.11.07"]
[WhiteClock "0:01:06"]
[BlackClock "0:00:00"]
[Board "99"]

1. e4 c5 2. Nf3 d6 3. d4 cxd4 4. Nxd4 Nf6 5. Nc3 a6 6. h3 e6 7. g4 d5 8. exd5 Nxd5 9. Nde2 Bb4 10. Bd2 Nxc3 11. Bxc3 Bxc3+ 12. Nxc3 Qb6 13. Qd2 Qxb2 14. Rb1 Qa3 15. Bg2 Nc6 16. O-O O-O 17. Ne4 Qxa2 18. Nc5 Qc4 19. Nxb7 Bxb7 20. Rxb7 Nd4 21. Rd7 Rad8 22. Rxd8 Rxd8 23. Qg5 1-0


[Site "https://www.chess.com"]

[Event "Titled Tuesday Blitz November 07 Late 2023"]
[White "Bogaudinov, Rushan"]
[Black "Su, Dion"]
[WhiteFideId "4129288"]
[BlackFideId "2029731"]
[WhiteElo "2310"]
[BlackElo "2417"]
[Result "1/2-1/2"]
[Round "7"]
[TimeControl "180+1"]
[Date "2023.11.07"]
[WhiteClock "0:00:08"]
[BlackClock "0:00:12"]
[Board "100"]

1. d4 Nf6 2. Bf4 e6 3. Nf3 d5 4. e3 Bd6 5. Bxd6 cxd6 6. c3 O-O 7. Nbd2 Nc6 8. Be2 e5 9. O-O e4 10. Ne1 Nd7 11. c4 dxc4 12. Nxe4 d5 13. Nc3 Nb6 14. Bf3 f5 15. Nc2 Be6 16. b3 Rc8 17. Qd2 g5 18. Be2 f4 19. exf4 Rxf4 20. Rfe1 Qf6 21. bxc4 Nxd4 22. Nxd5 Nxd5 23. Nxd4 Rxd4 24. Qa5 Nf4 25. Bf3 Nh3+ 26. gxh3 Qxf3 27. Rxe6 Qf4 28. Rae1 Rf8 29. R1e2 Rd1+ 30. Re1 Qxf2+ 31. Kh1 Qf3+ 32. Kg1 Rxe1+ 33. Qxe1 Qxh3 34. Re5 Qg4+ 35. Qg3 Qxg3+ 36. hxg3 h6 37. Re7 Rf7 38. Re6 Kg7 39. Kg2 Rc7 40. Re4 Kg6 41. Kf3 Kf5 42. g4+ Kg6 43. Ke3 Kf6 44. Kd4 Re7 45. Rxe7 Kxe7 46. Ke5 a6 47. c5 Kd7 48. Kf5 Kc6 49. Kg6 Kxc5 50. Kxh6 b5 51. Kxg5 a5 52. Kf6 b4 53. g5 a4 54. g6 b3 55. axb3 a3 56. g7 a2 57. g8=Q a1=Q+ 58. Ke6 Qe1+ 59. Kf7 Qf1+ 60. Ke7 Qe2+ 61. Kd7 Qd3+ 62. Kc7 Kb4 63. Qc4+ Qxc4+ 64. bxc4 Kxc4 1/2-1/2


[Site "https://www.chess.com"]

[Event "Titled Tuesday Blitz November 07 Late 2023"]
[White "Novikova, Galina"]
[Black "Osmonbekov, Talaibek"]
[WhiteFideId "4157095"]
[BlackFideId "2017253"]
[WhiteElo "2415"]
[BlackElo "2300"]
[Result "1-0"]
[Round "7"]
[TimeControl "180+1"]
[Date "2023.11.07"]
[WhiteClock "0:00:54"]
[BlackClock "0:00:04"]
[Board "101"]

1. e4 c5 2. Nf3 d6 3. d4 cxd4 4. Nxd4 Nf6 5. Nc3 g6 6. Be3 Bg7 7. f3 O-O 8. Qd2 Nc6 9. g4 h5 10. gxh5 Nxh5 11. O-O-O Qa5 12. Kb1 Be6 13. Nxe6 fxe6 14. Bc4 Rxf3 15. Bxe6+ Kh7 16. Rhg1 Raf8 17. Bg4 Ne5 18. Bxh5 gxh5 19. Rxg7+ Kxg7 20. Bh6+ Kh7 21. Bxf8 Rxf8 22. Qg5 Qc5 23. Rg1 Ng4 24. Qxe7+ Kg8 25. Rd1 Rf6 26. a3 b5 27. Nd5 Rg6 28. Rf1 Qd4 29. Qf7+ Kh8 30. Qxg6 Qg7 31. Qxh5+ Nh6 32. Qe8+ Kh7 33. Qe7 Qxe7 34. Nxe7 1-0


[Site "https://www.chess.com"]

[Event "Titled Tuesday Blitz November 07 Late 2023"]
[White "Haitin, Ilja"]
[Black "Mesa Cruz, Juan Carlos"]
[WhiteFideId "4501764"]
[BlackFideId "6423400"]
[WhiteElo "2413"]
[BlackElo "2296"]
[Result "0-1"]
[Round "7"]
[TimeControl "180+1"]
[Date "2023.11.07"]
[WhiteClock "0:00:00"]
[BlackClock "0:00:15"]
[Board "102"]

1. Nf3 d5 2. g3 Nf6 3. Bg2 e6 4. O-O Be7 5. c4 O-O 6. b3 d4 7. e3 c5 8. exd4 cxd4 9. Ne5 Nfd7 10. Nxd7 Qxd7 11. d3 a5 12. Ba3 Bb4 13. Bxb4 axb4 14. Qd2 Qd6 15. a4 bxa3 16. b4 a2 17. Rxa2 Rxa2 18. Qxa2 Qxb4 19. Qa3 Qxa3 20. Nxa3 Na6 21. Rb1 Nc5 22. Bf1 Bd7 23. f4 Ra8 24. Nc2 Ra2 25. Nxd4 Rd2 26. Nb3 Nxb3 27. Rxb3 Bc6 28. Ra3 Kf8 29. Ra8+ Ke7 30. Rg8 Kf6 31. Rd8 h6 32. d4 g5 33. fxg5+ hxg5 34. Rd6 Be4 35. Rd7 Kg6 36. Bh3 f5 37. Bf1 Kh5 38. c5 Kg4 39. Bc4 Kf3 40. Bf1 Rd1 41. h4 Kxg3 42. hxg5 Bg2 0-1


[Site "https://www.chess.com"]

[Event "Titled Tuesday Blitz November 07 Late 2023"]
[White "Belanoff, Ted"]
[Black "Carrasco Miranda, Andres"]
[WhiteFideId "2070588"]
[BlackFideId "3405990"]
[WhiteElo "2292"]
[BlackElo "2410"]
[Result "0-1"]
[Round "7"]
[TimeControl "180+1"]
[Date "2023.11.07"]
[WhiteClock "0:00:20"]
[BlackClock "0:01:27"]
[Board "103"]

1. b4 e5 2. Bb2 Bxb4 3. Bxe5 Nf6 4. Nf3 Nc6 5. Bb2 d5 6. e3 O-O 7. Bb5 Bg4 8. h3 Bh5 9. Bxc6 bxc6 10. c3 Bd6 11. Qa4 Rb8 12. Ba3 Bxf3 13. gxf3 c5 14. Rg1 c4 15. Bxd6 Qxd6 16. Qxa7 c5 17. Qa3 Ra8 18. Qc1 Nd7 19. a4 Ne5 20. Ke2 d4 21. Kf1 Nd3 22. Qa3 Qh2 23. Rg2 Qh1+ 24. Rg1 Qxf3 25. Rg2 Qd1# 0-1


[Site "https://www.chess.com"]

[Event "Titled Tuesday Blitz November 07 Late 2023"]
[White "Minina, Veronika"]
[Black "Polaczek, Richard"]
[WhiteFideId "4174780"]
[BlackFideId "200026"]
[WhiteElo "2288"]
[BlackElo "2409"]
[Result "0-1"]
[Round "7"]
[TimeControl "180+1"]
[Date "2023.11.07"]
[WhiteClock "0:00:00"]
[BlackClock "0:00:11"]
[Board "104"]

1. Nf3 d5 2. g3 c6 3. c4 Nf6 4. Bg2 dxc4 5. O-O Nbd7 6. a4 Nc5 7. Na3 Be6 8. Ne5 Nb3 9. Rb1 Na5 10. Qc2 Qd4 11. Nf3 Qd6 12. Ng5 Bd5 13. e4 h6 14. exd5 hxg5 15. dxc6 Nxc6 16. Nxc4 Qd8 17. b4 Rc8 18. Re1 e6 19. Qb2 Nd4 20. d3 b6 21. Bxg5 Be7 22. Ne5 Rc2 23. Qa3 a5 24. Rbc1 axb4 25. Qa1 Bc5 26. Rxc2 Nxc2 27. Qd1 Nxe1 28. Qxe1 O-O 29. h4 b3 30. Qb1 Qd4 31. Be3 Qc3 32. Nf3 Bxe3 33. fxe3 b2 34. Ne1 Qc1 0-1


[Site "https://www.chess.com"]

[Event "Titled Tuesday Blitz November 07 Late 2023"]
[White "De Souza, Cristiano Gomes"]
[Black "Inepton_Fermion"]
[WhiteFideId "2151758"]
[WhiteElo "2281"]
[BlackElo "2403"]
[Result "0-1"]
[Round "7"]
[TimeControl "180+1"]
[Date "2023.11.07"]
[WhiteClock "0:00:30"]
[BlackClock "0:00:19"]
[Board "105"]

1. d4 Nf6 2. c4 e6 3. Nf3 b6 4. g3 Bb7 5. Bg2 Bb4+ 6. Bd2 a5 7. O-O O-O 8. Nc3 d6 9. a3 Bxc3 10. Bxc3 Nbd7 11. b4 axb4 12. axb4 Qe7 13. Qb3 h6 14. Rxa8 Rxa8 15. Ra1 Qd8 16. Bb2 Rxa1+ 17. Bxa1 Qa8 18. Qb2 Qa4 19. h3 Be4 20. Nh4 Qd1+ 21. Kh2 Bxg2 22. Nxg2 Ne4 23. e3 Qf1 24. f4 Nf2 25. g4 Nf6 26. d5 Qh1+ 27. Kg3 N2e4+ 28. Kh4 g5+ 29. fxg5 hxg5# 0-1


[Site "https://www.chess.com"]

[Event "Titled Tuesday Blitz November 07 Late 2023"]
[White "Dodaro, Mattia"]
[Black "PapaieDudu"]
[WhiteFideId "28583400"]
[WhiteElo "2259"]
[BlackElo "2378"]
[Result "0-1"]
[Round "7"]
[TimeControl "180+1"]
[Date "2023.11.07"]
[WhiteClock "0:00:38"]
[BlackClock "0:00:58"]
[Board "106"]

1. d4 d5 2. c4 e6 3. Nf3 Nf6 4. Nc3 a6 5. e3 dxc4 6. Bxc4 b5 7. Bb3 c5 8. O-O Nbd7 9. e4 cxd4 10. Nxd4 Bb7 11. Re1 Nc5 12. e5 Nxb3 13. axb3 Nd5 14. Ne4 Be7 15. Qg4 Qb6 16. Qxg7 O-O-O 17. Nf3 Rhg8 18. Qxf7 Rdf8 19. Qh5 Kb8 20. Bh6 Rf5 21. Qh3 Bc5 22. Nxc5 Qxc5 23. Rac1 Qb4 24. Red1 Nf4 25. Bxf4 Qxf4 26. Rc3 Bxf3 27. Rxf3 Qxf3 28. Rd8+ Rxd8 29. gxf3 Rd1+ 30. Kg2 Rg5+ 0-1


[Site "https://www.chess.com"]

[Event "Titled Tuesday Blitz November 07 Late 2023"]
[White "Eggleston, Thomas A"]
[Black "Sarkar, Justin"]
[WhiteFideId "412139"]
[BlackFideId "2010011"]
[WhiteElo "2369"]
[BlackElo "2239"]
[Result "0-1"]
[Round "7"]
[TimeControl "180+1"]
[Date "2023.11.07"]
[WhiteClock "0:00:00"]
[BlackClock "0:00:15"]
[Board "107"]

1. e4 c5 2. Nf3 e6 3. g3 Nc6 4. Bg2 Nf6 5. Qe2 d6 6. O-O Be7 7. Rd1 O-O 8. c3 e5 9. h3 Re8 10. d4 exd4 11. cxd4 Bf8 12. dxc5 Nxe4 13. Be3 d5 14. Qc2 Nxg3 15. Nc3 Nf5 16. Rxd5 Nxe3 17. Rxd8 Nxc2 18. Rxe8 Nxa1 19. Ne1 Rb8 20. Bxc6 bxc6 21. Ne4 Ra8 22. Nd6 Bb7 23. Re2 Rb8 24. Rd2 Ba6 25. Rd1 Rxb2 26. Rxa1 g6 27. Rd1 Rxa2 28. Ne4 f5 29. Nd6 Ra5 30. Nf3 Rxc5 31. Ne5 Rxe5 0-1


[Site "https://www.chess.com"]

[Event "Titled Tuesday Blitz November 07 Late 2023"]
[White "Hoffmann, Asa"]
[Black "Chemin, Justo Reinaldo"]
[WhiteFideId "2001470"]
[BlackFideId "2101580"]
[WhiteElo "2368"]
[BlackElo "2207"]
[Result "1-0"]
[Round "7"]
[TimeControl "180+1"]
[Date "2023.11.07"]
[WhiteClock "0:00:37"]
[BlackClock "0:00:00"]
[Board "108"]

1. d4 d5 2. Bg5 c6 3. e3 Qb6 4. b3 Bf5 5. Bd3 Bxd3 6. Qxd3 e6 7. Nd2 c5 8. c3 Nc6 9. f4 Qa6 10. Qxa6 bxa6 11. Ngf3 h6 12. Bh4 Nf6 13. Ke2 Be7 14. Ne5 Rc8 15. Nxc6 Rxc6 16. Kd3 O-O 17. h3 Rfc8 18. Rac1 c4+ 19. bxc4 dxc4+ 20. Kc2 g5 21. fxg5 Nd5 22. Rhe1 hxg5 23. Bg3 f5 24. e4 fxe4 25. Rxe4 Nf6 26. Re5 Nd5 27. Ne4 Ne3+ 28. Kd2 Nf5 29. Bh2 Rb6 30. Rc2 Rcc6 31. Ke2 Rb1 32. d5 Rcb6 33. dxe6 Nh4 34. g3 Rh1 35. Nf2 Rxh2 36. gxh4 Bc5 37. Rxg5+ Kf8 38. Rf5+ Ke7 39. Rxc5 Rxe6+ 40. Kf1 Rf6 41. h5 Rxh3 42. Kg2 Rh4 43. Re2+ 1-0


[Site "https://www.chess.com"]

[Event "Titled Tuesday Blitz November 07 Late 2023"]
[White "Kniazev, Igor"]
[Black "Skaric, Djuro"]
[WhiteFideId "4136349"]
[BlackFideId "934569"]
[WhiteElo "2204"]
[BlackElo "2359"]
[Result "0-1"]
[Round "7"]
[TimeControl "180+1"]
[Date "2023.11.07"]
[WhiteClock "0:00:00"]
[BlackClock "0:00:59"]
[Board "109"]

1. e4 d6 2. d4 g6 3. Nf3 Bg7 4. c3 Nf6 5. Bd3 O-O 6. O-O Nc6 7. Nbd2 h6 8. Nc4 Nd7 9. Be3 e5 10. d5 Ne7 11. Qd2 Kh7 12. g4 Nc5 13. Bc2 Bxg4 14. Kg2 Bxf3+ 15. Kxf3 f5 16. Bxc5 fxe4+ 17. Kg2 dxc5 18. Bxe4 Nf5 19. Rae1 Nd6 20. Nxd6 cxd6 21. f3 Qh4 22. Kh1 Rf4 23. Qd3 Raf8 24. Rg1 Kh8 25. Bxg6 Rxf3 26. Re3 Rf2 27. Rh3 Qf4 28. Qg3 Rf1 29. Bb1 Qxg3 30. Rxg3 Rxg1+ 31. Kxg1 Rf4 32. Kg2 e4 33. Re3 Be5 34. Rxe4 Rf6 35. h3 Kg7 36. Rg4+ Kf7 37. Be4 Bf4 38. b3 h5 39. Rh4 Be3 40. Rxh5 Rf2+ 41. Kg3 Rxa2 42. Rh7+ Kf6 43. Rxb7 Rb2 44. b4 Rb3 0-1


[Site "https://www.chess.com"]

[Event "Titled Tuesday Blitz November 07 Late 2023"]
[White "Dwilewicz, Katarzyna"]
[Black "Vila Dupla, Aurelio"]
[WhiteFideId "1148486"]
[BlackFideId "2203383"]
[WhiteElo "2352"]
[BlackElo "2189"]
[Result "1-0"]
[Round "7"]
[TimeControl "180+1"]
[Date "2023.11.07"]
[WhiteClock "0:01:14"]
[BlackClock "0:00:00"]
[Board "110"]

1. e4 c5 2. c3 d5 3. exd5 Qxd5 4. d4 Nf6 5. Nf3 Bg4 6. Na3 e6 7. Nb5 Na6 8. Be2 Be7 9. h3 Bh5 10. O-O O-O 11. c4 Qd8 12. Bf4 cxd4 13. Nfxd4 Bxe2 14. Qxe2 Qb6 15. Rfd1 Rfd8 16. Nf5 Bf8 17. Nfd6 Nc5 18. b4 Ncd7 19. c5 Qc6 20. Rac1 a6 21. Nd4 Qa4 22. Nxe6 Bxd6 23. Nxd8 Bxf4 24. Qe7 Bxc1 25. Qxf7+ Kh8 26. Rxd7 1-0


[Site "https://www.chess.com"]

[Event "Titled Tuesday Blitz November 07 Late 2023"]
[White "Modric, Nesa"]
[Black "Marcziter, Dmitrii"]
[WhiteFideId "922579"]
[BlackFideId "13900765"]
[WhiteElo "2189"]
[BlackElo "2343"]
[Result "0-1"]
[Round "7"]
[TimeControl "180+1"]
[Date "2023.11.07"]
[WhiteClock "0:00:00"]
[BlackClock "0:01:20"]
[Board "111"]

1. e4 c5 2. c3 d5 3. exd5 Qxd5 4. Nf3 Nf6 5. Na3 a6 6. Nc4 Qd8 7. Be2 Bg4 8. Nce5 Bc8 9. O-O Nbd7 10. d4 cxd4 11. Qxd4 e6 12. Rd1 Bc5 13. Qc4 O-O 14. Nxd7 Nxd7 15. Rxd7 Bxf2+ 16. Kxf2 Bxd7 17. Be3 Bb5 18. Qg4 Bxe2 19. Kxe2 Kh8 20. Rd1 Qa5 21. Bd4 f6 22. a3 e5 23. Be3 Qb5+ 24. Kf2 Qxb2+ 25. Rd2 Qxc3 26. Rd7 Qc2+ 27. Kf1 Rg8 28. Nh4 Rad8 29. Rxd8 Rxd8 30. Nf5 Rd1+ 0-1


[Site "https://www.chess.com"]